 Dungeon Crawl Stone Soup version 0.32-a0-391-gce5c0aab1b (webtiles) character file.

Game seed: 7212422820861113961

598 hikkokomori the Firebug (level 7, 0/61 HPs)
             Began as a Mountain Dwarf Cinder Acolyte on Feb 17, 2024.
             Was a High Priest of Ignis.
             Slain by an iguana (4 damage)
             ... on level 5 of the Dungeon on Feb 20, 2024.
             The game lasted 00:08:31 (3628 turns).

hikkokomori the Firebug (MDCA)                      Turns: 3628, Time: 00:08:31

Health: 0/61       AC: 11    Str: 17    XL:     7   Next: 17%
Magic:  1/11       EV:  5    Int: 14    God:    Ignis [*****.]
Gold:   219        SH:  0    Dex:  7    Spells: 10/12 levels left

rFire   + + .        p - +1 dagger (venom)
rCold   x . .        (no shield)
rNeg    . . .        o - +0 plate armour
rPois   .            (no helmet)
rElec   .            (no cloak)
rCorr   .            (no gloves)
SInv    .            (no boots)
Will    +....        (no amulet) Stlth
                     l - ring of willpower
HPRegen 0.30/turn    d - ring of fire
MPRegen 0.12/turn

%: no passive effects
@: very slightly contaminated
A: runic magic, artefact enchanting
a: Renounce Religion, Fiery Armour, Foxfire Swarm, Rising Flame


You were on level 5 of the Dungeon.
You worshipped Ignis.
Ignis was extremely pleased with you.
You visited 1 branch of the dungeon, and saw 5 of its levels.

You collected 219 gold pieces.

Inventory:

Hand Weapons
 a - a -1 hand axe of flaming
 p - a +1 dagger of venom (weapon)
Missiles
 A - 4 poisoned darts
Armour
 b - a +0 robe
 f - a +0 ring mail
 o - a +0 plate armour (worn)
 s - a +0 troll leather armour
 y - a +0 leather armour of fire resistance
Jewellery
 d - a ring of fire (right hand)
 l - a ring of willpower (left hand)
 m - a ring of ice
Talismans
 w - a beast talisman
Scrolls
 e - a scroll of vulnerability {unknown}
 g - a scroll of fog {unknown}
 i - 2 scrolls of noise {unknown}
 j - 2 scrolls of revelation {unknown}
 k - a scroll of acquirement {unknown}
 q - a scroll of poison {unknown}
 u - a scroll of brand weapon {unknown}
 v - 2 scrolls of enchant armour {unknown}
 B - a scroll of teleportation {unknown}
Potions
 c - a potion of brilliance
 h - a potion of curing
 r - a potion of enlightenment
 t - a potion of lignification
 x - a potion of invisibility
 z - a potion of magic


   Skills:
 + Level 5.4 Fighting
 - Level 4.3 Axes
 + Level 3.4 Armour
 - Level 3.0 Spellcasting
 - Level 6.0 Fire Magic


You had 10 spell levels left.
You knew the following spells:

 Your Spells              Type           Power      Damage    Failure   Level
a - Scorch                Fire           56%        2d7       7%          2

Your spell library contained the following spells:

 Spells                   Type           Power      Damage    Failure   Level


Dungeon Overview and Level Annotations

Branches:
Dungeon (5/15)
 Temple: D:4-7

Altars:
Cheibriados
Hepliaklqana
Okawaru
Ru
Zin


Innate Abilities, Weirdness & Mutations

Your spellcasting is much less encumbered by armour.
You can use scrolls of enchantment on lesser artefacts.


Message History

You don't have enough magic to cast this spell.
Casting: Scorch (safe; 7% risk of failure)
Confirm with . or Enter, or press ? or * to list all spells.
You don't know that spell.
You hit the iguana.
The iguana is poisoned.
The iguana is severely wounded.
The iguana bites you.
* * * LOW HITPOINT WARNING * * *
You hit the iguana but do no damage.
The iguana looks as sick as possible!
The iguana is severely wounded.
The iguana bites you.
* * * LOW HITPOINT WARNING * * *
The orc hits you but does no damage.
You are lethally poisoned!
Unknown command.
You feel better. The iguana bites you.
* * * LOW HITPOINT WARNING * * *
The orc barely misses you.
Unknown command.
You hit the orc.
The orc is poisoned.
The orc is moderately wounded.
The iguana bites you.
* * * LOW HITPOINT WARNING * * *
The orc hits you with a +2 dagger of venom.
* * * LOW HITPOINT WARNING * * *
Unknown command.
The iguana is no longer more vulnerable to fire.
You kill the orc!
The iguana barely misses you.
Unknown command.
You closely miss the iguana.
The iguana is almost dead.
The iguana bites you.
* * * LOW HITPOINT WARNING * * *
Unknown command.
You hit the iguana but do no damage.
The iguana looks as sick as possible!
The iguana is almost dead.
The iguana bites you.
You die...
Ignis goes out, and joins you in death.

###.#.. #.# ....... #.#
.?..... #.# .......#### #.#
..........######## #.#
...!.............# #.#######
......).$....)...###.......#
.............l.............#
###.###......@...>##.......#
# ###..........###.......#
.......................###
###.......................
#...............########
#...............# #..<#
#...............# #.###
#..........#....## #(...
#######.#........# #####


You could see an iguana (extremely poisoned).

Vanquished Creatures
  3 black bears (D:4)
  An ogre (D:5)
  Jessica (D:2)
  An iguana (D:4)
  An orc wizard (D:3)
  3 adders
  A ribbon worm (D:4)
  5 dart slugs
  7 orcs
  2 endoplasms
  4 giant cockroaches
  10 goblins
  7 hobgoblins
  4 jackals (D:3)
  A quokka (D:2)
  5 ball pythons
  7 bats
  2 frilled lizards (D:1)
  7 kobolds
  6 rats
78 creatures vanquished.

Notes
Turn   | Place    | Note
-------+----------+-------------------------------------------
     0 | D:1      | hikkokomori the Mountain Dwarf Cinder Acolyte began the
                  | quest for the Orb.
     0 | D:1      | Reached XP level 1. HP: 19/19 MP: 2/2
    75 | D:1      | Reached XP level 2. HP: 21/26 MP: 3/3
   155 | D:1      | Reached skill level 4 in Fire Magic
   237 | D:1      | Learned a level 2 spell: Scorch
   322 | D:1      | Reached XP level 3. HP: 33/33 MP: 2/5
  1001 | D:1      | Upgraded the game from 0.32-a0-350-g4f4d228785 to
                  | 0.32-a0-391-gce5c0aab1b
  1260 | D:2      | Reached XP level 4. HP: 40/40 MP: 6/6
  1327 | D:2      | Noticed Jessica
  1340 | D:2      | Killed Jessica
  1491 | D:2      | Found an iron altar of Okawaru.
  2095 | D:3      | Reached XP level 5. HP: 46/46 MP: 3/8
  2204 | D:3      | Reached skill level 5 in Fire Magic
  2808 | D:4      | Found a hazy altar of Hepliaklqana.
  2808 | D:4      | Found a sacrificial altar of Ru.
  2809 | D:4      | Found a snail-covered altar of Cheibriados.
  2825 | D:4      | Found a glowing silver altar of Zin.
  3112 | D:4      | Noticed a black bear
  3119 | D:4      | Killed a black bear
  3120 | D:4      | Reached skill level 6 in Fire Magic
  3120 | D:4      | Reached skill level 1 in Armour
  3120 | D:4      | Reached XP level 6. HP: 52/52 MP: 1/10
  3303 | D:4      | Reached skill level 5 in Fighting
  3433 | D:4      | Reached XP level 7. HP: 61/61 MP: 11/11
  3491 | D:4      | You fall into a shaft and drop 1 floor!
  3491 | D:5      | Entered Level 5 of the Dungeon
  3623 | D:5      | HP: 3/61 [iguana (3)]
  3628 | D:5      | Slain by an iguana

Illustrated notes

Levels and vault maps discovered:
D:1:      arrival_zaba_pyramid, layout_basic
D:2:      layout_basic, basic_altar, serial_park_tiny_1, uniq_jessica
D:3:      layout_loops_cross
D:4:      layout_rooms, nicolae_overflow_quartered_altars
D:5:      layout_basic, mainiacjoe_overflow_surrounded_room,
          lightli_temple_of_fire, gammafunk_ghost_nasty_kobolds

Skill      XL: |  1  2  3  4  5  6  7 |
---------------+----------------------+-----
Fire Magic     | 4 6 |  6.0
Axes           | 4 |  4.3
Fighting       | 4 5 |  5.4
Spellcasting   | 2 3 |  3.0
Armour         | 1 2 3 |  3.4

Action                     |  1- 3 |  4- 6 |  7- 9 || total
---------------------------+-------+-------+-------++-------
  Melee: Hand axe          |    42 |    22 |     1 ||    65
         Dagger            |    10 |    92 |     9 ||   111
   Cast: Scorch            |    16 |    24 |     4 ||    44
    Use: Scroll            |       |     6 |       ||     6
         Potion            |       |       |     1 ||     1
 Armour: Robe              |    30 |       |       ||    30
         Ring mail         |    24 |       |       ||    24
         Plate armour      |    16 |   145 |    14 ||   175
  Dodge: Dodged            |    33 |    30 |     2 ||    65

Table legend: (Time is in decaauts)
 A = Elapsed time spent in this place.
 B = Non-inter-level travel time spent in this place.
 C = Inter-level travel time spent in this place.
 D = Time resting spent in this place.
 E = Time spent auto-exploring this place.
 F = Levels seen in this place.
 G = Mean time per level.
                   A        B        C        D        E       F      G
               +--------+--------+--------+--------+--------+-----+--------+
         Total |   3630 |   3454 |    176 |     46 |   2845 |   5 |  726.0 |
       Dungeon |   3630 |   3454 |    176 |     46 |   2845 |   5 |  726.0 |
               +--------+--------+--------+--------+--------+-----+--------+

Top non-repeatable levels by time:
     D:1: 1140 daAuts
     D:3: 971 daAuts
     D:4: 707 daAuts
     D:2: 674 daAuts
     D:5: 135 daAuts
